 Dungeon Crawl Stone Soup version 0.30-a0-528-g8c47a4955b (webtiles) character file.

Game seed: 17530590248585470722

6969 dracfodder the Destroyer (level 10, -2/79 HPs)
             Began as a Pale Draconian Conjurer on Dec 16, 2022.
             Was an Elder of Vehumet.
             Slain by a centaur
             ... wielding a +0 rapier
              (8 damage)
             ... on level 9 of the Dungeon on Dec 23, 2022.
             The game lasted 01:39:42 (14172 turns).

dracfodder the Destroyer (Pale Draconian Conjurer) Turns: 14172, Time: 01:39:42

Health: -2/79      AC: 11    Str: 13    XL:     10   Next: 81%
Magic:  25/30      EV: 13    Int: 32    God:    Vehumet [****..]
Gold:   367        SH:  0    Dex:  9    Spells: 1/24 levels left

rFire   x . .      SeeInvis .    b - +0 falchion of Qioshr Uhesh {vorpal, rElec rPois Will- Int+9}
rCold   . . .      Faith    .    (no shield)
rNeg    . . .      Spirit   .    (body armour unavailable)
rPois   +          Reflect  .    f - +1 hat of the Crypt {rPois rF- Str+3 Dex+2}
rElec   +          Harm     .    x - +2 cloak
rCorr   .          Rampage  .    (no gloves)
Will    .....                    (no boots)
Stlth   ++                       (no amulet)
HPRegen 0.33/turn                e - ring of magical power
MPRegen 0.22/turn                d - ring of willpower

@: no status effects
A: breathe steam, AC +7, unfitting armour, cold-blooded, steam resistance,
clumsy 1
a: Breathe Steam, Renounce Religion


You were on level 9 of the Dungeon.
You worshipped Vehumet.
Vehumet was greatly pleased with you.
You visited 2 branches of the dungeon, and saw 10 of its levels.
You also visited: Sewer and Ossuary.

You collected 559 gold pieces.
You spent 192 gold pieces at shops.

Inventory:

Hand Weapons
 a - a +3 sling
 b - the +0 falchion of Qioshr Uhesh (weapon) {vorpal, rElec rPois Will- Int+9}
   (You bought it in a shop on level 2 of the Dungeon)

   It inflicts extra damage upon your enemies.
   Int:       It affects your intelligence (+9).
   rElec:     It insulates you from electricity.
   rPois:     It protects you from poison.
   Will:      It decreases your willpower.
 s - a +2 dagger of pain
Missiles
 c - 13 curare-tipped darts
Armour
 f - the +1 hat of the Crypt (worn) {rPois rF- Str+3 Dex+2}
   (You acquired it on level 5 of the Dungeon)

   Str:       It affects your strength (+3).
   Dex:       It affects your dexterity (+2).
   rF:        It makes you vulnerable to fire.
   rPois:     It protects you from poison.
 x - a +2 cloak (worn)
Jewellery
 d - a ring of willpower (right hand)
 e - a ring of magical power (left hand)
Wands
 o - a wand of iceblast (20)
Scrolls
 n - 2 scrolls of silence
 q - 2 scrolls of poison
 y - 2 scrolls of fog
 A - 3 scrolls of fear
 B - a scroll of blinking
Potions
 g - 5 potions of might
 h - 4 potions of haste
 j - 4 potions of heal wounds
 k - 2 potions of flight
 l - 2 potions of resistance
 m - 2 potions of lignification
 p - 3 potions of cancellation
 r - a potion of magic
 t - 2 potions of invisibility {unknown}
 u - 3 potions of ambrosia {unknown}
 v - 4 potions of brilliance {unknown}
 w - 4 potions of curing
 z - a potion of berserk rage {unknown}


   Skills:
 + Level 4.2 Fighting
 + Level 1.7(2.7) Short Blades
 + Level 3.2(3.5) Long Blades
 + Level 3.3 Ranged Weapons
 + Level 5.7 Dodging
 + Level 4.0 Stealth
 + Level 7.6 Spellcasting
 + Level 10.0 Conjurations
 + Level 4.0 Hexes
 + Level 1.1 Air Magic
 + Level 1.9 Earth Magic
 + Level 1.1 Poison Magic
 + Level 0.2 Evocations


You had one spell level left.
You knew the following spells:

 Your Spells              Type           Power      Damage    Failure   Level
a - Magic Dart            Conj           100%       1d8       1%          1
b - Searing Ray           Conj           100%       2d8       1%          2
c - Dazzling Flash        Conj/Hex       100%       N/A       1%          3
d - Fulminant Prism       Conj/Hex       27%        3d14      1%          4
e - Poisonous Vapours     Pois/Air       38%        N/A       1%          2
f - Iskenderun's Mystic   Conj/Tloc      44%        2d10      1%          4
g - Stone Arrow           Conj/Erth      100%       3d13      1%          3
h - Flame Wave            Conj/Fire      44%        2d11      1%          4

Your spell library contained the following spells:

 Spells                   Type           Power      Damage    Failure   Level
 Apportation              Tloc           24%        N/A       3%          1
 Necrotise                Necr           48%        1d6       4%          1
 Summon Small Mammal      Summ           48%        N/A       4%          1
 Summon Guardian Golem    Hex/Summ       25%        N/A       5%          3
 Call Canine Familiar     Summ           12%        N/A       12%         3
 Lehudib's Crystal Spear  Conj/Erth      25%        10d7      99%         8
 Animate Armour           Summ/Erth      Unusable   N/A       N/A         4

Dungeon Overview and Level Annotations

Branches:
Dungeon (9/15)             Temple (1/1) D:5            Lair (0/5) D:9
  Sewer (visited)         Ossuary (visited)
    Orc: D:9-12

Altars:
Ashenzari
Cheibriados
Dithmenos
Elyvilon
Fedhas
Gozag
Hepliaklqana
Kikubaaqudgha
Makhleb
Nemelex Xobeh
Okawaru
Qazlal
Ru
Sif Muna
Trog
Uskayaw
Vehumet
Wu Jian
Xom
Yredelemnul
Zin
The Shining One

Shops:
D:2 (

Annotations:
D:6 1 runed translucent door, cforsyth's ghost, amateur HOMo
D:9 1 transporter


Innate Abilities, Weirdness & Mutations

You can breathe blasts of scalding, opaque steam.
Your pale cyan-grey scales are hard. (AC +7)
You cannot fit into any form of body armour.
You are cold-blooded and may be slowed by cold attacks.
You are immune to the effects of steam.
You are clumsy. (Dex -2)


Message History

You enter the transporter and appear at another place.
The centaur unwields a +0 rapier.
The centaur wields a +0 shortbow.
The centaur shoots an arrow.
The arrow misses you.
The yaktaur wields a +0 arbalest.
The yaktaur shoots a bolt.
The bolt hits you! The efreet gestures at you. The bolt of fire hits you!!
The fire burns you terribly!
The air fills with toxic fumes!
As you read the scroll of poison, it crumbles to dust.
The centaur unwields a +0 shortbow.
The centaur wields a +0 rapier.
The centaur hits you but does no damage.
The centaur kicks you but does no damage.
Casting: Stone Arrow (safe; 1% risk of failure)
Confirm with . or Enter, or press ? or * to list all spells.
Casting: Flame Wave (dangerous; 1% risk of failure)
Press: ? - help, Dir - look around, f - activate A wave of flame ripples out!
The flame wave engulfs the centaur.
The centaur is lightly wounded.
The flame wave engulfs the tengu warrior!
The tengu warrior is moderately wounded.
The flame wave engulfs the efreet.
The efreet completely resists. (Press . to intensify the flame waves.)
The centaur closely misses you.
The centaur kicks you but does no damage.
The tengu warrior closely misses you. The tengu warrior pecks you.
The tengu warrior claws you.
The efreet hits you with a +3 scimitar of flaming!!
* * * LOW HITPOINT WARNING * * *
The efreet burns you.
* * * LOW HITPOINT WARNING * * *
A wave of flame ripples out!
The flame wave engulfs the centaur!
The centaur is severely wounded.
The flame wave engulfs the tengu warrior!
The tengu warrior is heavily wounded.
The flame wave engulfs the efreet but does no damage.
The flame wave engulfs the yaktaur!!
The yaktaur is heavily wounded.
The flame wave engulfs the steam dragon!
The steam dragon is heavily wounded.
The centaur hits you with a +0 rapier!
You die...

....#.....#.#...#####..##......##
.#..#.....+.........#..##........
....+...............#..##..##..##
....#.....#########....##..##..##
#'###....##§.§§..§##...........##
#..#####.#8§§#§#.§8#.####......##
#........#§§#§§§#§D#....'......##
#........#§§§§§§§Qc#..#.#####..##
######..©#§§§§§§@c○#©.......#'##.
.........#§§§§§§§R§#..#..........
...#.....#§§#§§§#§§#.##..........
...#.....#8§§#§#.§8#.##..........
.........##§.§§..§##.............
########..#########..############
##...........## #############


You could see a tengu warrior, a yaktaur, an efreet, a steam dragon and a
centaur.

Vanquished Creatures
  A two-headed ogre (D:9)
  2 wyverns (D:8)
  A yak (D:7)
  2 steam dragons
  2 vampire mosquitoes
  5 water moccasins
  Duvessa (D:5)
  A sky beast (D:7)
  A black bear (D:7)
  3 orc warriors
  3 ice beasts
  2 ogres
  2 centaurs (D:9)
  4 phantoms
  10 kobold brigands
  2 elf zombies (Ossuary)
  A necrophage (D:8)
  3 scorpions
  5 wights (D:9)
  Dowan (D:5)
  10 killer bees (D:9)
  A howler monkey (D:6)
  3 centaur zombies (Ossuary)
  Crazy Yiuf (D:5)
  4 orc priests
  2 hounds
  2 jellies
  A gnoll bouda (D:6)
  Terence (D:2)
  9 iguanas
  9 orc wizards
  2 mummies (Ossuary)
  16 adders
  15 gnolls
  A river rat (Sewer)
  4 white imps
  2 ufetubi
  3 worms
  2 dart slugs
  42 orcs
  16 endoplasms
  6 giant cockroaches
  12 goblins
  7 hobgoblins
  7 jackals
  17 kobolds
  4 quokkas
  7 ball pythons
  10 bats
  3 frilled lizards
  12 hobgoblin zombies (Ossuary)
  2 jackal zombies (Ossuary)
  11 kobold zombies (Ossuary)
  7 orc zombies (Ossuary)
  8 rats
311 creatures vanquished.

Vanquished Creatures (collateral kills)
  A gnoll sergeant (D:7)
  A bullfrog (D:7)
  A gnoll (D:7)
3 creatures vanquished.

Vanquished Creatures (others)
  55 fulminant prisms
55 creatures vanquished.

Grand Total: 369 creatures vanquished

Notes
Turn   | Place    | Note
-------+----------+-------------------------------------------
     0 | D:1      | dracfodder the Draconian Conjurer began the quest for the
                  | Orb.
     0 | D:1      | Reached XP level 1. HP: 14/14 MP: 3/3
   261 | D:1      | Reached XP level 2. HP: 20/20 MP: 1/5
   264 | D:1      | Learned a level 2 spell: Searing Ray
   821 | D:1      | Reached XP level 3. HP: 23/26 MP: 0/6
  1153 | D:1      | Reached skill level 1 in Ranged Weapons
  1455 | D:2      | Noticed Terence
  1474 | D:2      | Killed Terence
  1475 | D:2      | Reached XP level 4. HP: 20/34 MP: 2/7
  1650 | D:2      | Reached skill level 1 in Fighting
  1753 | D:2      | Found Mihehuer's Antique Weapon Boutique.
  2087 | D:2      | Noticed a scorpion
  2096 | D:2      | Killed a scorpion
  2097 | D:2      | Reached XP level 5. HP: 27/40 MP: 0/8
  2501 | D:3      | Found an opulent altar of Gozag.
  2731 | D:3      | Learned a level 3 spell: Dazzling Flash
  3582 | D:3      | Gained mutation: You are clumsy. (Dex -2) [potion of
                  | mutation]
  4068 | D:4      | Noticed an ogre
  4086 | D:4      | Killed an ogre
  4087 | D:4      | Reached skill level 1 in Short Blades
  4087 | D:4      | Reached XP level 6. HP: 25/47 MP: 3/10
  4191 | D:4      | Found a shadowy altar of Dithmenos.
  4292 | D:4      | Found a sacrificial altar of Ru.
  4431 | D:4      | Reached skill level 5 in Conjurations
  4603 | D:2      | Bought a warped falchion for 192 gold pieces
  4603 | D:2      | Identified the +0 falchion of Qioshr Uhesh {vorpal, rElec
                  | rPois Will- Int+9} (You bought it in a shop on level 2 of
                  | the Dungeon)
  4610 | D:2      | Learned a level 4 spell: Fulminant Prism
  5376 | D:5      | Entered Level 5 of the Dungeon
  5401 | D:5      | Identified a scroll of acquirement
  5401 | D:5      | Acquired the +1 hat of the Crypt {rPois rF- Str+3 Dex+2}
  5522 | D:5      | Your scales start taking on a pale cyan-grey colour.
  5522 | D:5      | Reached XP level 7. HP: 22/55 MP: 11/11
  5522 | D:5      | Gained mutation: You are immune to the effects of steam.
                  | [Pale Draconian growth]
  5805 | D:5      | Reached skill level 1 in Hexes
  5990 | D:5      | Found a snail-covered altar of Cheibriados.
  6283 | D:5      | Found a staircase to the Ecumenical Temple.
  6324 | Temple   | Entered the Ecumenical Temple
  6524 | Temple   | Became a worshipper of Vehumet
  6554 | D:5      | Noticed Dowan
  6557 | D:5      | Noticed Duvessa
  6563 | D:5      | Killed Dowan
  6568 | D:5      | Killed Duvessa
  6569 | D:5      | Reached skill level 1 in Long Blades
  6730 | D:5      | Found a runed translucent door.
  6731 | D:5      | Noticed Crazy Yiuf
  7012 | D:5      | Killed Crazy Yiuf
  7144 | D:6      | Noticed a vampire mosquito
  7144 | D:6      | Noticed a vampire mosquito
  7163 | D:5      | HP: 1/56 [vampire mosquito (5)]
  7166 | D:5      | Killed a vampire mosquito
  7167 | D:5      | Reached XP level 8. HP: 26/62 MP: 3/14
  7365 | D:6      | Reached skill level 6 in Conjurations
  7447 | D:6      | Found a glowing drain.
  7456 | Sewer    | Entered a sewer
  7995 | Sewer    | Reached * piety under Vehumet
  7995 | Sewer    | Offered knowledge of Shock by Vehumet.
  8263 | Sewer    | Reached XP level 9. HP: 70/70 MP: 16/16
  8498 | D:6      | Reached skill level 7 in Conjurations
  8608 | D:6      | Reached skill level 5 in Spellcasting
  8671 | D:6      | Offered knowledge of Poisonous Vapours by Vehumet.
  8820 | D:6      | Reached ** piety under Vehumet
  9044 | D:6      | Reached skill level 5 in Dodging
  9140 | D:6      | Learned a level 2 spell: Poisonous Vapours
  9145 | D:6      | Learned a level 4 spell: Iskenderun's Mystic Blast
  9179 | D:6      | Learned a level 3 spell: Stone Arrow
  9732 | D:6      | Found a runed translucent door.
  9732 | D:6      | Noticed cforsyth's ghost (amateur HOMo)
 10176 | D:7      | Reached skill level 8 in Conjurations
 10320 | D:7      | Offered knowledge of Inner Flame by Vehumet.
 10868 | D:7      | Identified the +3 ring mail "Vukoqa Fivae" {Rampage Drain
                  | Dex+2}
 10869 | D:7      | Upgraded the game from 0.30-a0-462-gd5975efbca to
                  | 0.30-a0-528-g8c47a4955b
 10963 | D:7      | Reached skill level 9 in Conjurations
 10963 | D:7      | Reached XP level 10. HP: 24/78 MP: 19/19
 11160 | D:7      | Found an ornate altar of the Wu Jian Council.
 11260 | D:7      | Reached skill level 1 in Earth Magic
 11300 | D:7      | Reached *** piety under Vehumet
 11618 | D:8      | Reached skill level 1 in Air Magic
 11630 | D:8      | Reached skill level 1 in Poison Magic
 11838 | D:8      | Found a sand-covered staircase.
 12035 | Ossuary  | Entered an ossuary
 12046 | Ossuary  | Offered knowledge of Ignite Poison by Vehumet.
 12240 | Ossuary  | Reached **** piety under Vehumet
 12723 | D:8      | Found a shimmering altar of Xom.
 12939 | D:8      | Offered knowledge of Flame Wave by Vehumet.
 13314 | D:9      | Found a transporter.
 13315 | D:9      | Found a broken altar of Ashenzari.
 13316 | D:9      | Found a shimmering blue altar of Sif Muna.
 13317 | D:9      | Found an ancient bone altar of Kikubaaqudgha.
 13319 | D:9      | Noticed a tengu warrior
 13323 | D:9      | Found a transporter.
 13428 | D:9      | Noticed a two-headed ogre
 13435 | D:9      | Killed a two-headed ogre
 13436 | D:9      | Reached skill level 10 in Conjurations
 13691 | D:9      | Learned a level 4 spell: Flame Wave
 13959 | D:9      | Found a staircase to the Lair.
 14172 | D:9      | Slain by a centaur

Illustrated notes

Levels and vault maps discovered:
D:1:      saegor_arrival_simple_e, layout_loops_ring
D:2:      layout_rooms, serial_shops, nicolae_shop_trees, minmay_box_of_dots,
          uniq_terence
D:3:      layout_loops_corners, grunt_gozag_statues
D:4:      layout_loops_corners, mainiacjoe_overflow_chevrons,
          amcnicky_altar_gilded, st_stairs_3
D:5:      layout_loops_ring, mainiacjoe_overflow_six_doors_small,
          minmay_temple_entry_arrows, minmay_pentangle, uniq_crazy_yiuf_cottage,
          uniq_duvessa
D:6:      minmay_octagon_keep, layout_loops_ring, portal_sewer_entry_d,
          gammafunk_ghost_grave
D:7:      minmay_skewed_foursquare, layout_loops_cross,
          mainiacjoe_overflow_alcove_1
D:8:      layout_basic, lemuel_round_altar, enter_ossuary_1,
          kennysheep_generic_room_2
D:9:      layout_stronghold, gammafunk_temple_overflow_arena, lair_entry_dummy
Temple:   nicolae_temple_bog_church

Skill      XL: |  1  2  3  4  5  6  7  8  9 10 |
---------------+-------------------------------+-----
Ranged Weapons | 1 2 3 |  3.3
Dodging        | 2 3 4 5 |  5.7
Fighting       | 1 2 3 4 |  4.2
Short Blades   | 1 |  1.7
Stealth        | 2 3 4 |  4.0
Spellcasting   | 3 4 6 7 |  7.6
Conjurations   | 5 6 9 10 | 10.0
Hexes          | 1 2 3 4 |  4.0
Long Blades    | 1 2 3 |  3.2
Earth Magic    | 1 |  1.9
Air Magic      | 1 |  1.1
Poison Magic   | 1 |  1.1
Evocations     | |  0.2

Action                   |  1- 3 |  4- 6 |  7- 9 | 10-12 || total
-------------------------+-------+-------+-------+-------++-------
Melee: Dagger            |     8 |    52 |       |       ||    60
       Tailslap          |     1 |    10 |     2 |     1 ||    14
       Punch             |       |     1 |       |     1 ||     2
       Falchion          |       |    39 |    31 |    18 ||    88
 Fire: Sling             |    43 |    43 |       |       ||    86
 Cast: Magic Dart        |    24 |    30 |    86 |    21 ||   161
       Searing Ray       |    16 |    43 |    47 |    22 ||   128
       Dazzling Flash    |       |    11 |    10 |     1 ||    22
       Fulminant Prism   |       |     7 |    23 |    25 ||    55
       Stone Arrow       |       |       |    17 |     9 ||    26
       Poisonous Vapours |       |       |     4 |     1 ||     5
       Iskenderun's Myst |       |       |     1 |       ||     1
       Flame Wave        |       |       |       |     3 ||     3
 Abil: Breathe Steam     |       |       |    19 |     7 ||    26
Evoke: Wand              |       |       |     1 |       ||     1
  Use: Scroll            |       |    13 |     7 |     8 ||    28
       Potion            |       |     7 |     2 |       ||     9
 Stab: Invisible         |       |     3 |     2 |       ||     5
Armor: Skin              |    10 |    65 |    53 |    46 ||   174
Dodge: Dodged            |    34 |    71 |    86 |    48 ||   239

Table legend: (Time is in decaauts)
 A = Elapsed time spent in this place.
 B = Non-inter-level travel time spent in this place.
 C = Inter-level travel time spent in this place.
 D = Time resting spent in this place.
 E = Time spent auto-exploring this place.
 F = Levels seen in this place.
 G = Mean time per level.
                   A        B        C        D        E       F      G
               +--------+--------+--------+--------+--------+-----+--------+
         Total |  14426 |  13951 |    475 |   4069 |   7054 |  12 | 1202.2 |
       Dungeon |  12689 |  12230 |    459 |   3659 |   6481 |   9 | 1409.9 |
        Temple |    226 |    210 |     16 |      0 |    167 |   1 |  226.0 |
         Sewer |   1152 |   1152 |      0 |    314 |    400 |   1 | 1152.0 |
       Ossuary |    357 |    357 |      0 |     96 |      5 |   1 |  357.0 |
               +--------+--------+--------+--------+--------+-----+--------+

Top non-repeatable levels by time:
     D:5: 1742 daAuts
     D:6: 1705 daAuts
     D:3: 1602 daAuts
     D:7: 1502 daAuts
     D:4: 1374 daAuts
     D:1: 1346 daAuts
     D:8: 1195 daAuts
   Sewer: 1152 daAuts
     D:9: 1140 daAuts
     D:2: 1080 daAuts
 Ossuary: 357 daAuts
  Temple: 226 daAuts
